AoeStats
← Aratrea

MegaRandom

504845730Analyzed
1v1 RM · 26d ago on Sep 6, 2026· 21m 47s· 2 players
Game mode
Random Map
Map size
Tiny (2 player)
Population
200
Speed
Normal
Resources
Standard
Victory
Conquest
Starting age
Dark Age
Ending age
Imperial Age
RankedLock teamsTeams togetherTeam positionsShared explorationLock speedFull tech treeHidden civsTurbo modeCheats
Victory
Defeat
🇦🇷 Persians · Argentina
873
+16
🇺🇸 Huns · United States
864
-37
Aratrea
3:02 Loom
3:26 Loom
12:26 Feudal Age
13:48 Man-at-Arms
16:56 Forging
17:22 Fletching
17:42 Scale Mail Armor
17:40 Arson
Loco-Pro
7:06 Loom
10:11 Feudal Age
13:17 Man-at-Arms
16:23 Fletching
Connection lost

Rejoining the realm…

Still unreachable

The connection could not be restored.

Session expired

The server has moved on; the page needs a fresh start.